 Dungeon Crawl Stone Soup version 0.17.0-24-gcfadda4 (webtiles) character file.

69 Gravenous the Chiller (level 4, -4/27 HPs)
             Began as an Octopode Ice Elementalist on Nov 17, 2015.
             Killed by nerve-wracking pain
             ... invoked by an orc priest
              (9 damage)
             ... on level 1 of the Dungeon.
             The game lasted 00:02:25 (2080 turns).

Gravenous the Chiller (Octopode Ice Elementalist)   Turns: 2080, Time: 00:02:26

Health: -4/27      AC:  1    Str:  7    XL:     4   Next: 20%
Magic:  2/7        EV: 12    Int: 18    God:
Gold:   27         SH:  0    Dex: 12    Spells: 2 memorised, 4 levels left

rFire  . . .     SeeInvis .     i - +0 dagger
rCold  . . .     Clarity  .     (no shield)
rNeg   . . .     SustAt   .     (helmet restricted)
rPois  .         Gourm    .     (no amulet)
rElec  .         Spirit   .     (no ring)
rCorr  .         Warding  .     (no ring)
rMut   .         Stasis   .     (no ring)
MR     .....                    (no ring)
Stlth  ++++......               (no ring)
                                (no ring)
                                (no ring)
                                (no ring)

@: very slightly contaminated, not resistant to hostile enchantments, stealthy
A: almost no armour, amphibious, 8 rings, constrict 8, camouflage 1, gelatinous
body 1
a: no special abilities


You were on level 1 of the Dungeon.
You were hungry.

You visited 1 branch of the dungeon, and saw 1 of its levels.

You collected 27 gold pieces.

Inventory:

Hand Weapons
 i - a +0 dagger (weapon)
Scrolls
 d - a scroll of random uselessness {unknown}
 g - 2 scrolls of identify {unknown}
 j - a scroll of remove curse {unknown}
 l - a scroll of blinking {unknown}
 m - a scroll of enchant weapon {unknown}
 o - 2 scrolls of magic mapping {unknown}
Potions
 c - a potion of might {unknown}
 e - 2 potions of curing {unknown}
 k - a potion of invisibility {unknown}
Books
 a - a book of Frost

   Spells                             Type                      Level
   a - Freeze                         Ice                          1
   b - Throw Frost                    Conjuration/Ice              2
   c - Ozocubu's Armour               Charms/Ice                   3
   d - Throw Icicle                   Conjuration/Ice              4
   e - Summon Ice Beast               Ice/Summoning                4
   f - Condensation Shield            Ice                          4
Comestibles
 b - a bread ration
 h - 2 slices of pizza
 n - 3 fruits


   Skills:
 - Level 2.0 Dodging
 + Level 3.7 Stealth
 + Level 2.6 Spellcasting
   Level 1.0 Conjurations
 * Level 4.1 Ice Magic


You had 4 spell levels left.
You knew the following spells:

 Your Spells              Type           Power        Failure   Level  Hunger
a - Freeze                Ice            ###.         3%          1    #......
b - Ozocubu's Armour      Chrm/Ice       #.......     24%         3    ###....


Dungeon Overview and Level Annotations

Branches:
Dungeon (1/15)

Altars:


Innate Abilities, Weirdness & Mutations

You cannot wear most types of armour.
You are amphibious.
You can wear up to eight rings at the same time.
You can use your tentacles to constrict eight enemies at once.
Your skin changes colour to match your surroundings (Stealth).
Your rubbery body absorbs attacks (AC +1).


Message History

The orc priest hits you with a falchion.
Casting: Freeze
Confirm with . or Enter, or press ? or * to list all spells.
Aiming: Freeze
Press: ? - help, Shift-Dir - straight line, f/p - orc priest
Aim: an orc priest, wielding a falchion (moderately wounded)
You freeze the orc priest.
The orc priest is moderately wounded.
The orc priest hits you with a falchion!
* * * LOW HITPOINT WARNING * * *
Casting: Freeze
Confirm with . or Enter, or press ? or * to list all spells.
Aiming: Freeze
Press: ? - help, Shift-Dir - straight line, f/p - orc priest
Aim: an orc priest, wielding a falchion (moderately wounded)
You freeze the orc priest.
The orc priest is severely wounded.
The orc priest invokes the aid of Beogh against you.
Pain shoots through your body!
You die...

#...#.#.........
#####...#.#........#
.....................
######...#.#>........
#...#...........
#...............
#...............
#####.....##........
#..@o...............
###.[#......##.#..##..
#.....................
#.....................
###..#................
#..#................
#.........#.........
#..#..##..##.#..#...
###.........##.#..#...


You could see an orc priest.

Vanquished Creatures
  An orc wizard (D:1)
  A gnoll (D:1)
  An adder (D:1)
  2 orcs (D:1)
  2 ball pythons (D:1)
  3 bats (D:1)
  4 goblins (D:1)
  2 hobgoblins (D:1)
  A giant cockroach (D:1)
  4 giant newts (D:1)
  2 rats (D:1)
23 creatures vanquished.

Notes
Turn   | Place    | Note
--------------------------------------------------------------
     0 | D:1      | Gravenous the Octopode Ice Elementalist began the quest for the Orb.
     0 | D:1      | Reached XP level 1. HP: 11/11 MP: 3/3
   397 | D:1      | Reached XP level 2. HP: 13/17 MP: 1/5
  1008 | D:1      | Reached XP level 3. HP: 8/21 MP: 1/6
  1013 | D:1      | Learned a level 3 spell: Ozocubu's Armour
  1333 | D:1      | Reached skill level 4 in Ice Magic
  1375 | D:1      | Reached XP level 4. HP: 16/27 MP: 5/7
  2080 | D:1      | Killed from afar by an orc priest

Action                   |  1- 3 |  4- 6 || total
-------------------------+-------+-------++-------
Melee: Unarmed           |     7 |       ||     7
       Dagger            |    10 |     4 ||    14
 Cast: Freeze            |    27 |    11 ||    38
 Stab: Sleeping          |     2 |       ||     2
  Eat: Chunk             |     1 |     2 ||     3
